 Dungeon Crawl Stone Soup version 0.30-a0-313-gae38170b09 (webtiles) character file.

Game seed: 15595903946010815392

7593 Powertoast the Severer (level 11, 0/102 HPs)
             Began as a Hill Orc Fighter on Oct 26, 2022.
             Was a High Priest of Okawaru.
             Slain by a merfolk
             ... wielding a +0 trident
              (9 damage)
             ... on level 2 of the Lair of Beasts on Oct 27, 2022.
             The game lasted 00:36:09 (8410 turns).

Powertoast the Severer (Hill Orc Fighter)           Turns: 8410, Time: 00:36:09

Health: 0/102      AC: 18    Str: 24    XL:     11   Next: 17%
Magic:  18/18      EV:  8    Int:  8    God:    Okawaru [*****.]
Gold:   600        SH:  0    Dex: 10    Spells: 10/10 levels left

rFire   + . .      SeeInvis .    v - +3 battleaxe (vorpal)
rCold   . . .      Faith    .    (shield currently unavailable)
rNeg    . . .      Spirit   .    t - +0 plate armour
rPois   +          Reflect  .    o - +0 helmet
rElec   .          Harm     .    z - +1 cloak {rPois}
rCorr   .          Rampage  .    (no gloves)
Will    +....                    (no boots)
Stlth   ..........               A - amulet of regeneration
HPRegen 1.17/turn                r - ring of protection from fire
MPRegen 0.16/turn                s - ring of willpower

@: heroic, mesmerised
A: no striking features
a: Renounce Religion, Heroism, Finesse, Duel


You were on level 2 of the Lair of Beasts.
You worshipped Okawaru.
Okawaru was extremely pleased with you.
You visited 3 branches of the dungeon, and saw 11 of its levels.

You collected 600 gold pieces.

Inventory:

Hand Weapons
 a - a +0 war axe
 v - a +3 vorpal battleaxe (weapon)
 E - a +2 vorpal flail
 F - the +4 spear "Dragonslayer" {venom, rCorr Str+3}
   (You found it on level 6 of the Dungeon)

   It poisons the flesh of those it strikes.
   Str:       It affects your strength (+3).
   rCorr:     It protects you from acid and corrosion.
Missiles
 i - 12 poisoned darts (quivered)
 L - 6 boomerangs
Armour
 c - a +0 buckler
 j - a +0 chain mail
 o - a +0 helmet (worn)
 t - a +0 plate armour (worn)
 z - a +1 cloak of poison resistance (worn)
Jewellery
 f - a ring of fire
 r - a ring of protection from fire (left hand)
 s - a ring of willpower (right hand)
 A - an amulet of regeneration (around neck)
 G - a ring of fire
Wands
 p - a wand of flame (22)
 B - a wand of light (5)
 C - a wand of polymorph (13)
 H - a wand of mindburst (18)
Scrolls
 b - 4 scrolls of teleportation
 d - 2 scrolls of poison
 h - 5 scrolls of amnesia
 l - 2 scrolls of fog
 m - 2 scrolls of noise
 q - 2 scrolls of vulnerability
 y - a scroll of enchant armour {unknown}
 D - 4 scrolls of enchant weapon
 I - a scroll of torment {unknown}
 J - a scroll of acquirement {unknown}
Potions
 g - a potion of curing
 k - 2 potions of attraction
 n - 4 potions of magic
 u - 3 potions of lignification
 x - 2 potions of flight
 K - a potion of brilliance


   Skills:
 + Level 11.1(16.1) Fighting
 * Level 15.5(20.5) Axes
 + Level 4.3(9.3) Armour
 - Level 3.2(8.2) Shields
 + Level 10.1 Invocations


You had 10 spell levels left.
You didn't know any spells.
Your spell library contained the following spells:

 Spells                   Type           Power      Damage    Failure   Level
 Beastly Appendage        Tmut           0%         N/A       99%         1
 Foxfire                  Conj/Fire      0%         2x1d4     99%         1
 Freeze                   Ice            0%         1d3       99%         1
 Sandblast                Erth           0%         2d4       99%         1
 Cigotuvi's Dreadful Rot  Necr/Pois/Air  0%         N/A       100%        2
 Ensorcelled Hibernation  Hex/Ice        0%         N/A       100%        2
 Passwall                 Tmut/Erth      0%         N/A       100%        2
 Wereblood                Tmut           0%         N/A       100%        2
 Frozen Ramparts          Ice            0%         1d1       100%        3
 Gell's Gravitas          Tloc           0%         N/A       100%        3
 Hailstorm                Conj/Ice       0%         3d3       100%        3
 Lesser Beckoning         Tloc           0%         N/A       100%        3
 Spider Form              Tmut/Pois      0%         N/A       100%        3
 Stone Arrow              Conj/Erth      0%         3d7       100%        3
 Swiftness                Air            0%         N/A       100%        3
 Teleport Other           Tloc           0%         N/A       100%        3
 Anguish                  Hex/Necr       0%         N/A       100%        4
 Dispel Undead            Necr           0%         3d6       100%        4
 Flame Wave               Conj/Fire      0%         2d4       100%        4
 Borgnjor's Vile Clutch   Necr/Erth      0%         N/A       100%        5
 Ignition                 Fire           0%         3d3       100%        8
 Animate Dead             Necr           Unusable   N/A       N/A         4
 Death Channel            Necr           Unusable   N/A       N/A         6

Dungeon Overview and Level Annotations

Branches:
Dungeon (8/15)             Temple (1/1) D:4            Lair (2/5) D:8
 Shoals (0/4) Lair:2
  Snake: Lair:2-3    Spider: Lair:2-3

Altars:
Ashenzari
Cheibriados
Dithmenos
Elyvilon
Fedhas
Gozag
Hepliaklqana
Kikubaaqudgha
Makhleb
Okawaru
Ru
Trog
Uskayaw
Vehumet
Wu Jian
Xom
Yredelemnul
Zin
The Shining One

Shops:
D:6 [:

Annotations:
D:8 Erica
Lair:1 1 runed translucent door, dracfodder's ghost, novice DrCj


Message History

You slash the komodo dragon!
The komodo dragon is severely wounded.
You slash the komodo dragon!
The komodo dragon is almost dead.
The komodo dragon bites you!
You slice the komodo dragon!!
You kill the komodo dragon!
Okawaru accepts your kill.
You see here a komodo dragon corpse.
A merfolk comes into view. It is wielding a +0 trident.
The merfolk shouts!
You hear a shout!
The merfolk throws a boomerang.
The boomerang hits you!
You hear a shout!
A merfolk comes into view. It is wielding a +0 trident.
Found a staircase to the Shoals.
The merfolk shouts!
A merfolk comes into view. It is wielding a +0 trident.
A merfolk siren comes into view. It is wielding a +0 spear.
Found 7 stones.
The merfolk siren shouts!
The merfolk siren chants a haunting song.
You are mesmerised by the merfolk siren!
You enter the shallow water.
Moving in this stuff is going to be slow.
The merfolk siren chants its luring song.
The merfolk hits you with a +0 trident!
The merfolk hits you from afar with a +0 trident.
The merfolk hits you with a +0 trident!
The merfolk siren chants its luring song.
The merfolk hits you with a +0 trident! The merfolk hits you with a +0 trident.
The merfolk hits you with a +0 trident!
The merfolk siren chants its luring song.
The merfolk hits you with a +0 trident!!
* * * LOW HITPOINT WARNING * * *
The merfolk hits you with a +0 trident!
* * * LOW HITPOINT WARNING * * *
The merfolk hits you but does no damage.
The merfolk siren chants its luring song.
The merfolk hits you with a +0 trident!
You die...

,,,,,,***,#..^.............#.###,
,,,,*** ***#....................,
,,,,** #.........†..........*
,,,,,* ##...#..#.#........#***
,,,,** #....######.#......#
,,,,,* #.....# ###......##**
,,,,** #....####**###......##.
,,,,*** ##.#~..#...#...........
,,,,,,*****#.#mm@##.............!
,,,,,,**,**..##m..#......<...P..#
,,,,,,,,,,P..,#~~.##.........#.##
**,,*,,,,...,,##~#.#.##P.....#*#
,**,***,...,,,,#m>.##*##.....P#*
***** *,*,,,,,*#~#(# #......?#* *
***,,,,,*~~.## #.........
**,,,,**~..* #......... **
*,,,,,*,~,******##........


You could see 3 merfolk and a merfolk siren (mesmerising).

Vanquished Creatures
  A two-headed ogre (D:6)
  Pikel (D:5)
  The ghost of MudFish the Conjurer, a novice TeRe (D:5)
  A cane toad (Lair:1)
  4 komodo dragons
  Grinder (D:3)
  Sigmund (D:4)
  A wyvern (Lair:1)
  3 yaks (Lair:1)
  2 basilisks (Lair:1)
  3 water moccasins
  2 orc warriors (D:8)
  2 ice beasts
  A black bear (D:5)
  A sky beast (D:6)
  6 wolves
  3 ogres
  A phantom (D:4)
  A kobold brigand (D:6)
  4 lemures
  Blork the orc (D:6)
  3 bullfrogs
  5 necrophages (D:4)
  6 scorpions
  A quasit (D:6)
  3 hounds
  A human zombie (D:4)
  Crazy Yiuf (D:3)
  4 orc priests
  A gnoll bouda (D:6)
  Ijyb (D:5)
  7 orc wizards
  A scorpion zombie (D:4)
  4 iguanas
  A mummy (D:4)
  A hound zombie (D:4)
  8 gnolls
  8 adders
  2 shadow imps
  A white imp (D:7)
  3 adder zombies (D:4)
  2 worms (D:2)
  3 dart slugs
  17 orcs
  7 ball pythons
  8 endoplasms
  A giant cockroach (D:1)
  4 goblins
  3 hobgoblins
  16 jackals
  4 quokkas
  11 bats
  3 frilled lizards (D:3)
  2 hobgoblin zombies (D:6)
  7 kobolds
  A kobold skeleton (D:6)
  An orc skeleton (D:6)
  An orc zombie (D:6)
  5 rats
199 creatures vanquished.

Vanquished Creatures (others)
  6 fungi
  A plant (D:8)
  2 withered plants (D:5)
9 creatures vanquished.

Grand Total: 208 creatures vanquished

Notes
Turn   | Place    | Note
-------+----------+-------------------------------------------
     0 | D:1      | Powertoast the Hill Orc Fighter began the quest for the
                  | Orb.
     0 | D:1      | Reached XP level 1. HP: 19/19 MP: 1/1
   121 | D:1      | Reached skill level 3 in Axes
   191 | D:1      | Reached XP level 2. HP: 26/26 MP: 2/2
   266 | D:1      | Reached skill level 4 in Axes
   365 | D:1      | Reached XP level 3. HP: 31/31 MP: 3/3
   447 | D:1      | Reached skill level 5 in Axes
  1317 | D:2      | Reached XP level 4. HP: 35/39 MP: 4/4
  1453 | D:2      | Reached skill level 6 in Axes
  1540 | D:2      | You fall into a shaft and drop 1 floor!
  1674 | D:3      | Found a faded altar of an unknown god.
  1676 | D:3      | Noticed Grinder
  1991 | D:2      | Reached XP level 5. HP: 38/45 MP: 5/5
  2080 | D:3      | Reached skill level 7 in Axes
  2227 | D:3      | Found a runed translucent door.
  2228 | D:3      | Noticed Crazy Yiuf
  2430 | D:3      | Reached XP level 6. HP: 52/52 MP: 6/6
  2605 | D:4      | Reached skill level 8 in Axes
  2715 | D:4      | Reached skill level 5 in Fighting
  2715 | D:4      | Reached skill level 9 in Axes
  2715 | D:4      | Reached XP level 7. HP: 59/61 MP: 7/7
  2728 | D:4      | Found an ancient bone altar of Kikubaaqudgha.
  3146 | D:4      | Found a staircase to the Ecumenical Temple.
  3159 | Temple   | Entered the Ecumenical Temple
  3164 | Temple   | Became a worshipper of Warmaster Okawaru
  3379 | D:4      | Noticed Sigmund
  3395 | D:4      | Killed Sigmund
  3396 | D:4      | Reached skill level 10 in Axes
  3396 | D:4      | Reached skill level 1 in Invocations
  3396 | D:4      | Reached XP level 8. HP: 56/70 MP: 7/9
  3823 | D:3      | Killed Grinder
  3823 | D:3      | Reached * piety under Okawaru
  3977 | D:3      | Killed Crazy Yiuf
  4042 | D:5      | Entered Level 5 of the Dungeon
  4052 | D:5      | Reached skill level 11 in Axes
  4140 | D:5      | Noticed Ijyb
  4153 | D:5      | Killed Ijyb
  4231 | D:5      | Noticed Pikel
  4263 | D:5      | Killed Pikel
  4263 | D:5      | Reached ** piety under Okawaru
  4264 | D:5      | Reached skill level 12 in Axes
  4264 | D:5      | Reached XP level 9. HP: 39/79 MP: 9/12
  4351 | D:5      | Reached skill level 5 in Invocations
  4610 | D:5      | Found a runed translucent door.
  4610 | D:5      | Noticed MudFish's ghost (novice TeRe)
  4904 | D:5      | Killed MudFish's ghost
  4904 | D:5      | Reached *** piety under Okawaru
  4905 | D:5      | Reached skill level 13 in Axes
  5033 | D:6      | Identified the +9 rapier of Ehuevub {vorpal, *Corrode Fly
                  | rPois rC+}
  5035 | D:6      | Noticed Blork the orc
  5055 | D:6      | Killed Blork the orc
  5077 | D:6      | Noticed a two-headed ogre
  5092 | D:6      | Killed a two-headed ogre
  5093 | D:6      | Reached skill level 14 in Axes
  5093 | D:6      | Reached XP level 10. HP: 44/91 MP: 11/15
  5141 | D:6      | Found Hoalink's Armour Shoppe.
  5328 | D:6      | Identified the +4 spear "Dragonslayer" {venom, rCorr Str+3}
  5392 | D:6      | Found Ipua's Self-Improvement Boutique.
  5480 | D:6      | Found a glowing golden altar of the Shining One.
  5698 | D:6      | Found a blossoming altar of Fedhas.
  5705 | D:6      | Found a broken altar of Ashenzari.
  5712 | D:6      | Found a shimmering altar of Xom.
  5724 | D:6      | Found a burning altar of Makhleb.
  5732 | D:6      | Found a glowing silver altar of Zin.
  5737 | D:6      | Found a snail-covered altar of Cheibriados.
  5748 | D:6      | Found a bloodstained altar of Trog.
  5938 | D:7      | Reached **** piety under Okawaru
  6785 | D:8      | Reached skill level 10 in Fighting
  6820 | D:8      | Got Lodwaik's Handbook of the Volcanoes
  6921 | D:8      | Found a staircase to the Lair.
  7097 | D:8      | Noticed Erica
  7110 | Lair:1   | Entered Level 1 of the Lair of Beasts
  7211 | Lair:1   | Found a runed translucent door.
  7502 | Lair:1   | Reached ***** piety under Okawaru
  7606 | Lair:1   | Reached skill level 15 in Axes
  7606 | Lair:1   | Reached XP level 11. HP: 49/101 MP: 18/18
  7771 | Lair:1   | Noticed dracfodder's ghost (novice DrCj)
  7803 | Lair:1   | Received a gift from Okawaru
  7804 | Lair:1   | Reached skill level 10 in Invocations
  8406 | Lair:2   | Found a staircase to the Shoals.
  8410 | Lair:2   | Slain by a merfolk

Illustrated notes

Levels and vault maps discovered:
D:1:      ncdulo_wetmaze, layout_loops_ring
D:2:      layout_basic
D:3:      minmay_wonky_spiral, layout_rooms, dreamdust_ecumenical_altar_statues,
          uniq_grinder, uniq_crazy_yiuf_cottage
D:4:      layout_loops_corners, lemuel_mausoleum_altar_kikubaaqudgha,
          minmay_temple_entry_antechambers, uniq_sigmund
D:5:      layout_basic, gammafunk_ghost_grave, minivault_23, uniq_ijyb,
          uniq_pikel
D:6:      layout_cave_pools, nicolae_tso_besieged_by_evil,
          grunt_temple_overflow_octagram, serial_shops, shop_statue,
          nicolae_shop_self_help, uniq_blork_the_orc
D:7:      layout_basic
D:8:      layout_gridville, nicolae_qazlal_style_of_elements, dpeg_oklobed_lair,
          uniq_erica
Temple:   hellmonk_temple_micro_hex
Lair:1:   layout_gridlike, ebering_ghost_reflecting_pool, grunt_megastairs_4,
          infiniplex_staircase_pool_2
Lair:2:   layout_layer_cave, elwin_shoals_entry_stream,
          portal_ice_cave_demonic_guard

Skill      XL: |  1  2  3  4  5  6  7  8  9 10 11 |
---------------+----------------------------------+-----
Axes           | 3 4 5 6 7 9 10 12 14 15 | 15.5
Fighting       | 4 5 6 7 9 10 11 | 11.1
Invocations    | 1 4 7 9 10 | 10.1
Armour         | 4 |  4.3
Shields        | |  3.2

Action                   |  1- 3 |  4- 6 |  7- 9 | 10-12 || total
-------------------------+-------+-------+-------+-------++-------
Melee: War axe           |    96 |   159 |   267 |   248 ||   770
       Battleaxe         |       |       |       |    11 ||    11
Throw: Dart              |       |       |    10 |     5 ||    15
Invok: Heroism           |       |       |     4 |     3 ||     7
  Use: Potion            |       |     2 |     1 |     1 ||     4
       Scroll            |       |     1 |       |    14 ||    15
Armor: Scale mail        |    52 |       |       |       ||    52
       Chain mail        |     8 |   105 |   143 |    56 ||   312
       Plate armour      |       |       |       |    54 ||    54
Dodge: Dodged            |    48 |    47 |    72 |    65 ||   232
Block: Buckler           |    28 |    26 |    34 |    39 ||   127

Table legend: (Time is in decaauts)
 A = Elapsed time spent in this place.
 B = Non-inter-level travel time spent in this place.
 C = Inter-level travel time spent in this place.
 D = Time resting spent in this place.
 E = Time spent auto-exploring this place.
 F = Levels seen in this place.
 G = Mean time per level.
                   A        B        C        D        E       F      G
               +--------+--------+--------+--------+--------+-----+--------+
         Total |   8425 |   8023 |    402 |    496 |   5727 |  11 |  765.9 |
       Dungeon |   7144 |   6792 |    352 |    385 |   4905 |   8 |  893.0 |
        Temple |     11 |      7 |      4 |      0 |      0 |   1 |   11.0 |
          Lair |   1269 |   1223 |     46 |    111 |    821 |   2 |  634.5 |
               +--------+--------+--------+--------+--------+-----+--------+

Top non-repeatable levels by time:
     D:4: 1288 daAuts
  Lair:1: 1242 daAuts
     D:2: 1074 daAuts
     D:1: 953 daAuts
     D:6: 873 daAuts
     D:5: 869 daAuts
     D:7: 862 daAuts
     D:3: 844 daAuts
     D:8: 377 daAuts
  Lair:2: 26 daAuts
  Temple: 11 daAuts
